 Dungeon Crawl Stone Soup version 0.31-a0-876-gfe8ebadbca (webtiles) character file.

Game seed: 10372082154307351912

159 Naiya55 the Sneak (level 5, -2/64 HPs)
             Began as a Naga Ice Elementalist on Oct 13, 2023.
             Slain by a mummy (13 damage)
             ... in an ossuary.
             The game lasted 00:13:09 (3261 turns).

Naiya55 the Sneak (Naga Ice Elementalist)           Turns: 3261, Time: 00:13:09

Health: -2/64      AC: 22    Str: 11    XL:     5   Next: 40%
Magic:  1/8        EV:  1    Int: 17    God:
Gold:   288        SH:  0    Dex: 11    Spells: 4/8 levels left

rFire   . . .        h - +1 whip (elec)
rCold   . . .        (no shield)
rNeg    . . .        a - melded +0 robe
rPois   +            (helmet currently unavailable)
rElec   .            (cloak currently unavailable)
rCorr   .            q - melded +0 pair of gloves
SInv    +            (no barding)
Will    +....        (no amulet)
Stlth   +++          n - ring of willpower
HPRegen 0.30/turn    (no ring)
MPRegen 0.11/turn

%: no passive effects
@: tree-form, marked, freezing walls
A: stationary, stasis, torment immunity, boosted hp, AC +1, large, see
invisible, (deformed body), (poison resistance), (slowness 2), spit poison 1,
(naga tail 1)
a: Spit Poison


You were in an ossuary.
You were a tree.
You visited 1 branch of the dungeon, and saw 4 of its levels.
You also visited: Ossuary.

You collected 288 gold pieces.

Inventory:

Hand Weapons
 c - a +0 dagger
 h - a +1 whip of electrocution (weapon)
Armour
 a - a +0 robe (melded)
 e - a +0 ring mail
 q - a +0 pair of gloves (melded)
Jewellery
 n - a ring of willpower (left branch)
 o - an amulet of guardian spirit
Wands
 p - a wand of charming (6)
Scrolls
 d - a scroll of teleportation {unknown}
 f - 2 scrolls of noise {unknown}
 i - a scroll of butterflies {unknown}
 m - 2 scrolls of identify {unknown}
 r - a scroll of fear {unknown}
Potions
 b - a potion of magic
 g - a potion of heal wounds {unknown}
 j - a potion of lignification
 k - a potion of curing {unknown}
 l - a potion of berserk rage {unknown}


   Skills:
 + Level 0.6 Fighting
 - Level 1.5 Dodging
 - Level 5.7 Stealth
 - Level 2.0 Spellcasting
 * Level 5.6 Ice Magic


You had 4 spell levels left.
You knew the following spells:

 Your Spells              Type           Power      Damage    Failure   Level
a - Freeze                Ice            80%        1d9       1%          1
b - Frozen Ramparts       Ice            40%        1d7       6%          3

Your spell library contained the following spells:

 Spells                   Type           Power      Damage    Failure   Level
 Ozocubu's Armour         Ice            20%        N/A       6%          3
 Summon Ice Beast         Ice/Summ       11%        N/A       52%         4
 Manifold Assault         Tloc           1%         N/A       88%         4
 Dispersal                Tloc           0%         N/A       100%        6
 Disjunction              Tloc           0%         N/A       100%        8


Dungeon Overview and Level Annotations

Branches:
Dungeon (4/15)            Ossuary (1/1)
 Temple: D:4-7

Altars:

Shops:
D:2 [


Innate Abilities, Weirdness & Mutations

You are a tree.
Your roots penetrate the ground, keeping you stationary.
You cannot be teleported.
You are immune to unholy pain and torment.
Your maximum health is greatly increased.
Your equipment is partially melded.
((Your serpentine skin is tough. (AC +1)))
You have supernaturally acute eyesight. (SInv)
((Armour fits poorly on your strangely shaped body.))
((Your system is resistant to poisons. (rPois)))
((You cover ground very slowly.))
You can spit poison.
((You have a snake-like lower body.))


Message History

The frozen ramparts melt away.
The human zombie barely misses you.
Casting: Frozen Ramparts (dangerous; 6% risk of failure)
Confirm with . or Enter, or press ? or * to list all spells.
Casting: Frozen Ramparts (dangerous; 6% risk of failure)
Press: ? - help, Dir - look around, f - activate The walls around you are covered in ice.
The goblin zombie resists.
The wall freezes the goblin zombie.
The elf zombie resists.
The wall freezes the elf zombie.
The kobold zombie resists.
The wall freezes the kobold zombie.
The human zombie resists.
The wall freezes the human zombie.
The human zombie hits you.
Okay, then.
You hit the human zombie but do no damage.
The human zombie is heavily damaged.
The wall freezes the elf zombie but does no damage.
The goblin zombie resists.
The wall freezes the goblin zombie.
A hobgoblin zombie comes into view.
The mummy resists.
The wall freezes the mummy.
The mummy hits you.
The kobold zombie completely resists.
The wall freezes the kobold zombie but does no damage.
The human zombie resists.
The wall freezes the human zombie.
The human zombie hits you!
* * * LOW HITPOINT WARNING * * *
It was a potion of lignification.
You turn into a tree.
Your +0 pair of gloves melds into your body.
Your +0 robe melds into your body.
Your roots penetrate the ground.
The goblin zombie resists.
The wall freezes the goblin zombie.
The elf zombie resists.
The wall freezes the elf zombie.
The kobold zombie resists.
The wall freezes the kobold zombie.
The rat zombie completely resists.
The wall freezes the rat zombie but does no damage.
You hit the human zombie.
Lightning courses through the human zombie!
The human zombie is severely damaged.
The human zombie completely resists.
The wall freezes the human zombie but does no damage.
The human zombie hits you but does no damage.
A kobold zombie comes into view.
The mummy resists.
The wall freezes the mummy.
The mummy hits you!
You die...

######################
#....................#
#....................#
#........8..8........#
#....................#
#...######♣^######...#
#...# #ZM# #...# #...#
#ZZ# #...# #...# #ZZ#
#...#
#...#....ZZ......#...#
#...#.####.......#...#
#...# #.......#...#
#...# #.......#...#
#...# #.∩.....#...#


You could see a mummy, a rat zombie, a goblin zombie, a hobgoblin zombie, 2
kobold zombies, an elf zombie and a human zombie.

Vanquished Creatures
  An orc priest (D:3)
  An orc wizard (D:3)
  A mummy (Ossuary)
  2 adders
  3 orcs (D:3)
  6 ball pythons
  2 endoplasms (D:1)
  3 giant cockroaches
  8 goblins
  8 hobgoblins
  4 quokkas
  5 bats
  5 frilled lizards
  7 hobgoblin zombies (Ossuary)
  A jackal zombie (Ossuary)
  4 kobolds
  5 kobold zombies (Ossuary)
  10 orc zombies (Ossuary)
  2 rats (D:1)
78 creatures vanquished.

Notes
Turn   | Place    | Note
-------+----------+-------------------------------------------
     0 | D:1      | Naiya55 the Naga Ice Elementalist began the quest for the
                  | Orb.
     0 | D:1      | Reached XP level 1. HP: 15/15 MP: 3/3
   205 | D:1      | Reached XP level 2. HP: 21/22 MP: 1/5
   821 | D:1      | Reached XP level 3. HP: 28/28 MP: 4/6
  1041 | D:1      | Learned a level 3 spell: Frozen Ramparts
  1165 | D:2      | Found Beiveekh's Antique Armour Shop.
  1194 | D:2      | Found a faded altar of an unknown god.
  1825 | D:2      | Reached skill level 5 in Stealth
  1966 | D:3      | Reached XP level 4. HP: 32/32 MP: 7/7
  2143 | D:3      | Reached skill level 5 in Ice Magic
  2324 | D:3      | Reached XP level 5. HP: 29/42 MP: 2/8
  2972 | D:4      | Found a sand-covered staircase.
  2976 | Ossuary  | Entered an ossuary
  3261 | Ossuary  | Slain by a mummy

Illustrated notes

Levels and vault maps discovered:
D:1:      roadster_arrival_rocket_large, layout_basic, moated_statue
D:2:      layout_basic, serial_shops, shop, ebering_ecumenical_altar_petrified
D:3:      layout_basic, minmay_gold_behind_fungi
D:4:      gammafunk_cloud_chamber, layout_basic, kennysheep_little_box,
          serial_shops, nicolae_shop_pleasant_corner_grove, enter_ossuary_5
Ossuary:  ossuary_tomb_1

Skill      XL: |  1  2  3  4 |
---------------+-------------+-----
Stealth        | 4 5 |  5.7
Ice Magic      | 5 |  5.6
Fighting       | |  0.6
Dodging        | |  1.5
Spellcasting   | |  2.0

Action                     |  1- 3 |  4- 6 || total
---------------------------+-------+-------++-------
  Melee: Dagger            |    15 |       ||    15
         Whip              |    47 |    96 ||   143
         Punch             |       |     1 ||     1
   Cast: Freeze            |    31 |    23 ||    54
         Frozen Ramparts   |       |     4 ||     4
Ability: Spit Poison       |     6 |     3 ||     9
    Use: Potion            |       |     1 ||     1
   Stab: Sleeping          |     4 |     2 ||     6
 Armour: Robe              |    60 |    86 ||   146
         Skin              |       |     2 ||     2
  Dodge: Dodged            |    43 |    54 ||    97

Table legend: (Time is in decaauts)
 A = Elapsed time spent in this place.
 B = Non-inter-level travel time spent in this place.
 C = Inter-level travel time spent in this place.
 D = Time resting spent in this place.
 E = Time spent auto-exploring this place.
 F = Levels seen in this place.
 G = Mean time per level.
                   A        B        C        D        E       F      G
               +--------+--------+--------+--------+--------+-----+--------+
         Total |   4218 |   4073 |    145 |     13 |   2904 |   5 |  843.6 |
       Dungeon |   3850 |   3705 |    145 |     13 |   2904 |   4 |  962.5 |
       Ossuary |    367 |    367 |      0 |      0 |      0 |   1 |  367.0 |
               +--------+--------+--------+--------+--------+-----+--------+

Top non-repeatable levels by time:
     D:3: 1385 daAuts
     D:1: 1316 daAuts
     D:2: 1111 daAuts
 Ossuary: 367 daAuts
     D:4: 37 daAuts
